 Dungeon Crawl Stone Soup version 0.31.0-12-g77e489cdc1 (webtiles) character file.

Game seed: 1204448084390358041

7 Amplified the Shooter (level 1, 0/15 HPs)
             Began as a Demonspawn Wanderer on Mar 7, 2024.
             Slain by an endoplasm (2 damage)
             ... on level 1 of the Dungeon.
             The game lasted 00:00:53 (169 turns).

Amplified the Shooter (Demonspawn Wanderer)          Turns: 169, Time: 00:00:53

Health: 0/15       AC:  8    Str: 12    XL:     1   Next: 91%
Magic:  2/2        EV: 10    Int: 11    God:
Gold:   15         SH:  0    Dex: 13    Spells: 2/2 levels left

rFire   . . .        a - +0 shortbow
rCold   . . .        (shield currently unavailable)
rNeg    . . .        h - +3 ring mail
rPois   .            (no helmet)
rElec   .            (no cloak)
rCorr   .            (no gloves)
SInv    .            (no boots)
Will    .....        (no amulet)
Stlth   +            (no ring)
HPRegen 0.22/turn    (no ring)
MPRegen 0.08/turn

%: no passive effects
@: no status effects
A: no striking features
a: no special abilities


You were on level 1 of the Dungeon.
You visited 1 branch of the dungeon, and saw 1 of its levels.

You collected 15 gold pieces.

Inventory:

Hand Weapons
 a - a +0 shortbow (weapon)
Armour
 h - a +3 ring mail (worn)
Potions
 c - a potion of heal wounds
 g - 2 potions of attraction


   Skills:
 * Level 1.0 Fighting
 - Level 2.6 Ranged Weapons
 + Level 1.2 Armour
 - Level 1.7 Dodging
 - Level 1.0 Spellcasting
 + Level 1.6 Invocations
 - Level 2.0 Evocations


You had 2 spell levels left.
You didn't know any spells.
Your spell library was empty.

Dungeon Overview and Level Annotations

Branches:
Dungeon (1/15)

Altars:


Message History

Okay, then.
You aren't carrying any scrolls.
Unknown command.
Okay, then.
Okay, then.
Fire: a) +0 shortbow
Press: ? - help, Shift-Dir - straight line, f/p - killer bee
Aim: a killer bee (26% to hit)
Aiming: Polymorph
Press: ? - help, Shift-Dir - straight line, f/p - killer bee
Aim: a killer bee (will become a bat, a steam dragon, or a fire bat, chance to affect: 63%)
The killer bee resists with significant effort.
The killer bee stings you!
* * * LOW HITPOINT WARNING * * *
The killer bee barely misses you.
The endoplasm hits you but does no damage.
Unknown command.
Aiming: Polymorph
Press: ? - help, Shift-Dir - straight line, f/p - killer bee
Aim: a killer bee (will become a bat, a steam dragon, or a fire bat, chance to affect: 63%)
The killer bee resists with significant effort.
The killer bee barely misses you. x2
The endoplasm hits you but does no damage.
You aren't carrying any scrolls.
Unknown command.
Aiming: Polymorph
Press: ? - help, Shift-Dir - straight line, f/p - killer bee
Aim: a killer bee (will become a bat, a steam dragon, or a fire bat, chance to affect: 63%)
The killer bee resists with significant effort.
The killer bee closely misses you. The killer bee barely misses you.
The endoplasm closely misses you.
Unknown command.
Aiming: Polymorph
Press: ? - help, Shift-Dir - straight line, f/p - killer bee
Aim: a killer bee (will become a bat, a steam dragon, or a fire bat, chance to affect: 63%)
The killer bee evaporates and reforms as a bat!
The now-empty wand crumbles to dust.
The bat hits you.
* * * LOW HITPOINT WARNING * * *
The endoplasm hits you.
You die...

.....##..## #.# ..
.....###..####.# #...#
###'## ##...##.###...$
#.#######..#...#...#
#.#.........####...#
#.'...........#...#
###.......#.###...#
#.).....#.##..b.#
##.......#.##@...#
###...#####..#.J...#
#............#....$#
#.#########..#_.....#
#............#......#
#............#....#...
#.....<......##...#.###
#............##...# #
#.............


You could see an endoplasm and a bat.

Vanquished Creatures
  2 endoplasms (D:1)
  A goblin (D:1)
  2 frilled lizards (D:1)
  A kobold (D:1)
  A rat (D:1)
7 creatures vanquished.

Vanquished Creatures (collateral kills)
  A rat (D:1)
1 creature vanquished.

Grand Total: 8 creatures vanquished

Notes
Turn   | Place    | Note
-------+----------+-------------------------------------------
     0 | D:1      | Amplified the Demonspawn Wanderer began the quest for the
                  | Orb.
     0 | D:1      | Amplified set off with the following items: a +0 shortbow,
                  | a wand of polymorph (5), a potion of heal wounds, a +0
                  | leather armour.
     0 | D:1      | Reached XP level 1. HP: 13/13 MP: 2/2
   164 | D:1      | Found a faded altar of an unknown god.
   165 | D:1      | Reached skill level 1 in Fighting
   165 | D:1      | a bat changed into a killer bee
   165 | D:1      | Noticed a killer bee
   169 | D:1      | a killer bee changed into a bat
   169 | D:1      | Slain by an endoplasm

Illustrated notes

Levels and vault maps discovered:
D:1:      minmay_arrival_semitransparent, layout_basic,
          hellmonk_ecumenical_altar_zigzags

Skill      XL: |  1 |
---------------+----+-----
Fighting       | 1 |  1.0
Ranged Weapons | |  2.6
Armour         | |  1.2
Dodging        | |  1.7
Spellcasting   | |  1.0
Invocations    | |  1.6
Evocations     | |  2.0

Action                     || total
---------------------------++-------
   Fire: Shortbow          ||    21
  Evoke: Wand              ||     5
    Use: Scroll            ||     3
 Armour: Ring mail         ||     8
         Leather armour    ||     1
  Dodge: Dodged            ||    11
